 Dungeon Crawl Stone Soup version 0.27.1 (webtiles) character file.

Game seed: 1660525817787347705

141 MacCMillion the Chiller (level 5, 0/30 (36) HPs)
             Began as a Merfolk Ice Elementalist on Aug 21, 2021.
             Slain by a necrophage (7 damage)
             ... on level 4 of the Dungeon.
             The game lasted 00:10:50 (2490 turns).

MacCMillion the Chiller (Merfolk Ice Elementalist)  Turns: 2490, Time: 00:10:50

HP:   0/30 (36)     AC:  2    Str:  8    XL:     5   Next: 24%
MP:   2/8           EV: 12    Int: 15    God:
Gold: 122           SH:  0    Dex: 15    Spells: 4/8 levels left

rFire    . . .     SeeInvis .   d - +0 dagger
rCold    . . .     Faith    .   (no shield)
rNeg     . . .     Spirit   .   a - +0 robe
rPois    .         Reflect  .   (no helmet)
rElec    .         Harm     .   (no cloak)
rCorr    .         Rampage  .   (no gloves)
Will     .....                  (no boots)
Stlth    ++........             (no amulet)
HPRegen  0.10/turn              (no ring)
MPRegen  0.11/turn              (no ring)

@: freezing walls, heavily drained
A: (nimble swimmer 2), mertail
a: no special abilities


You were on level 4 of the Dungeon.
You visited 1 branch of the dungeon, and saw 4 of its levels.

You collected 122 gold pieces.

Inventory:

Hand Weapons
 d - a +0 dagger (weapon)
Armour
 a - a +0 robe (worn)
 b - a +0 leather armour
Scrolls
 f - a scroll of teleportation
 g - 2 scrolls of amnesia {unknown}
Potions
 c - a potion of curing {unknown}
 e - a potion of haste {unknown}


   Skills:
 * Level 0.3 Fighting
 - Level 2.6 Dodging
 - Level 2.1 Stealth
 - Level 2.0 Spellcasting
 - Level 7.0 Ice Magic


You had 4 spell levels left.
You knew the following spells:

 Your Spells              Type           Power      Damage    Failure   Level
a - Freeze                Ice            88%        1d10      1%          1
b - Frozen Ramparts       Ice            44%        1d6       3%          3

Your spell library contained the following spells:

 Spells                   Type           Power      Damage    Failure   Level
 Ozocubu's Armour         Ice            22%        N/A       3%          3
 Corpse Rot               Necr/Air       N/A        N/A       32%         2
 Poisonous Vapours        Pois/Air       2%         N/A       32%         2
 Hailstorm                Conj/Ice       12%        3d5       45%         4
 Freezing Cloud           Conj/Ice/Air   4%         6-21      94%         5


Dungeon Overview and Level Annotations

Branches:
Dungeon (4/15)
 Temple: D:4-7

Altars:

Shops:
D:2 :

Annotations:
D:2 Jessica
D:3 exclusion: downstairs, Grinder


Innate Abilities, Weirdness & Mutations

((You are quick and stealthy near water. (Stealth+, EV+, Speed+++)))
Your lower body shifts to a powerful aquatic tail in water.


Message History

The necrophage misses you.
Unknown command.
Your magical contamination has completely faded away.
There is a stone staircase leading down here.
You hit the necrophage.
The necrophage is heavily damaged.
The necrophage hits you.
Casting: Freeze (safe; 1% risk of failure)
Confirm with . or Enter, or press ? or * to list all spells.
Casting: Frozen Ramparts (dangerous; 3% risk of failure)
Press: ? - help, Dir - look around, f - activate The walls around you are covered in ice.
The necrophage resists.
The wall freezes the necrophage.
The necrophage barely misses you.
You hit the necrophage but do no damage.
The necrophage is heavily damaged.
The necrophage resists.
The wall freezes the necrophage.
The necrophage closely misses you.
You barely miss the necrophage.
The necrophage is heavily damaged.
The necrophage completely resists.
The wall freezes the necrophage but does no damage.
The necrophage barely misses you.
You hit the necrophage.
The necrophage is severely damaged.
The necrophage resists.
The wall freezes the necrophage.
The necrophage hits you.
You feel drained.
You barely miss the necrophage.
The necrophage is severely damaged.
The necrophage resists.
The wall freezes the necrophage.
The necrophage hits you.
* * * LOW HITPOINT WARNING * * *
You feel drained.
* * * LOW HITPOINT WARNING * * *
You hit the necrophage but do no damage.
The necrophage is severely damaged.
The necrophage completely resists.
The wall freezes the necrophage but does no damage.
The necrophage hits you!
You die...

##.#............#
# #..####### #.#
#..# #.#
##..#########.#
#..........##.#
###.#.#<####.##.#
..........##.##.#
###.#.#n#.##.##.#
#...@.#.##.##.#
###.###.##)##.#
#.# #.##.##.#
#.###.##.##.#
#...........#
#####.##.####
...#..# #####.##
#.#


You could see a necrophage.

Vanquished Creatures
  A scorpion (D:4)
  Robin (D:2)
  2 adders
  5 endoplasms
  16 goblins
  9 hobgoblins
  4 ball pythons
  3 bats
  2 frilled lizards
  4 kobolds
  A rat (D:2)
48 creatures vanquished.

Notes
Turn   | Place    | Note
-------+----------+-------------------------------------------
     0 | D:1      | MacCMillion the Merfolk Ice Elementalist began the quest
                  | for the Orb.
     0 | D:1      | Reached XP level 1. HP: 13/13 MP: 3/3
   227 | D:1      | Found a faded altar of an unknown god.
   621 | D:1      | Reached XP level 2. HP: 19/19 MP: 3/5
   693 | D:1      | Reached skill level 5 in Ice Magic
  1315 | D:2      | Noticed Jessica
  1359 | D:2      | Reached XP level 3. HP: 24/24 MP: 3/6
  1363 | D:2      | Learned a level 3 spell: Frozen Ramparts
  1986 | D:2      | Noticed Robin
  1994 | D:2      | Killed Robin
  1995 | D:2      | Reached skill level 6 in Ice Magic
  1995 | D:2      | Reached XP level 4. HP: 21/30 MP: 1/7
  2129 | D:2      | Found Sary Dilo's Book Shop.
  2277 | D:3      | Noticed Grinder
  2438 | D:4      | Noticed a necrophage
  2438 | D:4      | Noticed a scorpion
  2442 | D:4      | Killed a scorpion
  2443 | D:4      | Reached skill level 7 in Ice Magic
  2443 | D:4      | Reached XP level 5. HP: 33/36 MP: 2/8
  2490 | D:4      | Slain by a necrophage

Illustrated notes

Levels and vault maps discovered:
D:1:      minmay_arrival_four_circles, layout_loops_ring,
          chequers_ecumenical_altar_simple, chequers_arboretum
D:2:      layout_rooms, serial_shops, shop_coins, minmay_goblin_outpost,
          uniq_jessica, uniq_robin
D:3:      layout_basic, mainiacjoe_overflow_brackets, uniq_grinder
D:4:      layout_loops_ring, temple_hall, ebering_ghost_gozag

Skill      XL: |  1  2  3  4 |
---------------+-------------+-----
Ice Magic      | 5 6 7 |  7.0
Fighting       | |  0.3
Dodging        | |  2.6
Stealth        | |  2.1
Spellcasting   | |  2.0

Action                   |  1- 3 |  4- 6 || total
-------------------------+-------+-------++-------
Melee: Short sword       |     1 |       ||     1
       Dagger            |    10 |    12 ||    22
 Cast: Freeze            |    46 |     9 ||    55
       Frozen Ramparts   |     2 |     4 ||     6
  Use: Scroll            |       |     1 ||     1
Armor: Robe              |    13 |       ||    13
Dodge: Dodged            |    19 |     9 ||    28
